 Dungeon Crawl Stone Soup version 0.21.1-1-g345015fe64 (webtiles) character file.

286 SWATDuck the Chopper (level 6, -10/56 HPs)
             Began as a Deep Dwarf Fighter on July 26, 2018.
             Mangled by a hornet (13 damage)
             ... on level 5 of the Dungeon.
             The game lasted 00:07:50 (2547 turns).

SWATDuck the Chopper (Deep Dwarf Fighter)           Turns: 2547, Time: 00:07:51

Health: -10/56     AC:  8    Str: 21    XL:     6   Next: 8%
Magic:  6/6        EV:  7    Int:  9    God:
Gold:   135        SH: 13    Dex: 12    Spells: 5/5 levels left

rFire    . . .     SeeInvis .   a - +0 war axe
rCold    . . .     Gourm    .   c - +0 shield
rNeg     . . .     Faith    .   b - +0 scale mail
rPois    .         Spirit   .   o - +0 helmet (curse)
rElec    .         Reflect  +   (no cloak)
rCorr    .         Harm     .   (no gloves)
MR       .....                  (no boots)
Stlth    ..........             s - +3 amulet of reflection
HPRegen  0.00/turn              (no ring)
MPRegen  0.10/turn              (no ring)

@: lethally poisoned (-10 -> -10), non-regenerating, slowed, very slow
A: damage resistance, heal wounds, sense surroundings 1, no regeneration
a: Heal Wounds


You were on level 5 of the Dungeon.
You were hungry.

You visited 1 branch of the dungeon, and saw 5 of its levels.

You collected 135 gold pieces.

Inventory:

Hand Weapons
 a - a +0 war axe (weapon)
Armour
 b - a +0 scale mail (worn)
 c - a +0 shield (worn)
 o - a cursed +0 helmet (worn)
 q - a +0 large shield
Jewellery
 s - a +3 amulet of reflection (around neck)
Scrolls
 e - 2 scrolls of noise {unknown}
 h - a scroll of immolation {unknown}
 i - a scroll of random uselessness {unknown}
 j - a scroll of teleportation {unknown}
 l - 4 scrolls of identify {unknown}
 n - 5 scrolls of remove curse {unknown}
 p - a scroll of fog {unknown}
 t - 2 scrolls of magic mapping {unknown}
 u - a scroll of enchant armour {unknown}
Potions
 d - a potion of might
 g - a potion of heal wounds {unknown}
 k - 2 potions of curing {unknown}
 m - a potion of flight {unknown}
 r - a potion of agility {unknown}
 v - a potion of berserk rage {unknown}
 w - a potion of brilliance {unknown}
Comestibles
 f - 4 rations


   Skills:
 + Level 3.6 Fighting
 * Level 4.7 Axes
 + Level 4.4 Armour
 + Level 4.4 Shields


You had 5 spell levels left.
You didn't know any spells.

Dungeon Overview and Level Annotations

Branches:
Dungeon (5/15)
 Temple: D:4-7

Altars:
Okawaru
Sif Muna
Vehumet
Wu Jian

Annotations:
D:5 terminal's ghost, amateur TrFi


Innate Abilities, Weirdness & Mutations

You are resistant to damage.
You can heal yourself by infusing magical energy.
You passively map a small area around you.
You do not regenerate.


Message History

A worker ant comes into view.
You feel sick.
The hornet stings you but does no damage.
The hornet stings you!
* * * LOW HITPOINT WARNING * * *
You feel as though you will be slow longer.
You block the giant cockroach's attack.
A hound comes into view.
A scorpion comes into view.
The bullfrog zombie hits you but does no damage.
The hornet stings you!
* * * LOW HITPOINT WARNING * * *
You feel as though you will be slow longer.
You block the bullfrog zombie's attack. You block the hornet's attack.
The giant cockroach bites you. 2 worker ants and a skeleton come into view.
There is a stone staircase leading up here.
The worker ant twitches its antennae in your direction. x2
The hornet stings you!
You die...

.... ... , , ,
... , .., * , * *
,.., .. ,
.####.####.**
,.......... ,, ,
*
.....<.#.########
, , *
.........%.......
,,
..).....ys.......
.......#@ZgZ..###
, .......##.g...#
, ,
.#....#*#agg..# ,
, , #.... ...h..#
, ...... #.....#
, , .....
........ /....,
,.....s.. , ,
a...a.Z , , ,


You could see a hornet, a gnoll sergeant, a scorpion, a hound, 3 worker ants, 3
gnolls, an adder zombie, a bullfrog zombie, a giant cockroach and an adder
skeleton.

Vanquished Creatures
  A hound (D:4)
  A bullfrog skeleton (D:4)
  A worker ant (D:4)
  Crazy Yiuf (D:2)
  Natasha (D:2)
  3 adders (D:2)
  A gnoll (D:3)
  2 oozes
  2 worms
  2 dart slugs
  6 leopard geckos
  8 orcs (D:3)
  9 bats
  2 giant cockroaches (D:1)
  3 hobgoblins (D:3)
  14 jackals
  2 quokkas
  5 frilled lizards
  10 goblins
  5 kobolds
  8 rats
87 creatures vanquished.

Notes
Turn   | Place    | Note
-------+----------+-------------------------------------------
     0 | D:1      | SWATDuck the Deep Dwarf Fighter began the quest for the Orb.
     0 | D:1      | Reached XP level 1. HP: 20/20 MP: 1/1
    26 | D:1      | Reached XP level 2. HP: 27/27 MP: 2/2
   363 | D:1      | Reached XP level 3. HP: 23/33 MP: 3/3
   749 | D:2      | Reached XP level 4. HP: 27/42 MP: 4/4
   924 | D:2      | Noticed Natasha
   932 | D:2      | Killed Natasha
  1024 | D:2      | Found a deep blue altar of Sif Muna.
  1094 | D:2      | Found a radiant altar of Vehumet.
  1369 | D:2      | Found a runed door.
  1373 | D:2      | Noticed Crazy Yiuf
  1378 | D:2      | Killed Crazy Yiuf
  1378 | D:2      | Reached XP level 5. HP: 39/49 MP: 5/5
  1780 | D:3      | Found an iron altar of Okawaru.
  1780 | D:3      | Found an ornate altar of the Wu Jian Council.
  2499 | D:4      | Reached XP level 6. HP: 49/56 MP: 6/6
  2522 | D:4      | Noticed a hornet
  2528 | D:4      | Paralysed by a hornet for 3 turns
  2535 | D:4      | Paralysed by a hornet for 1 turns
  2539 | D:4      | Paralysed by a hornet for 1 turns
  2541 | D:5      | Entered Level 5 of the Dungeon
  2543 | D:5      | Noticed terminal's ghost (amateur TrFi)
  2547 | D:5      | Mangled by a hornet

Skill      XL: |  1  2  3  4 |
---------------+-------------+-----
Axes           | 3 4 |  4.7
Fighting       | 3 |  3.6
Armour         | 4 |  4.4
Shields        | 4 |  4.4

Action                   |  1- 3 |  4- 6 || total
-------------------------+-------+-------++-------
Melee: War axe           |   123 |   148 ||   271
 Abil: Heal Wounds       |       |     6 ||     6
  Eat: Chunk             |       |     5 ||     5
Armor: Scale mail        |    64 |    60 ||   124
Dodge: Dodged            |    52 |    51 ||   103
Block: Shield            |    87 |   134 ||   221
